 Dungeon Crawl Stone Soup version 0.23.1 (webtiles) character file.

Game seed: 13704592126506013322

56 poirepourri the Chopper (level 3, 0/33 HPs)
             Began as a Deep Dwarf Fighter on Mar 3, 2019.
             Killed from afar by Sigmund (2 damage)
             ... with a magic dart
             ... on level 3 of the Dungeon.
             The game lasted 00:01:04 (1480 turns).

poirepourri the Chopper (Deep Dwarf Fighter)        Turns: 1480, Time: 00:01:05

Health: 0/33       AC:  6    Str: 19    XL:     3   Next: 69%
Magic:  3/3        EV:  7    Int:  8    God:
Gold:   112        SH:  9    Dex: 13    Spells: 2/2 levels left

rFire    . . .     SeeInvis .   a - +0 war axe
rCold    . . .     Gourm    .   c - +0 shield
rNeg     . . .     Faith    .   b - +0 scale mail
rPois    .         Spirit   .   (no helmet)
rElec    .         Reflect  .   (no cloak)
rCorr    .         Harm     .   (no gloves)
MR       .....                  (no boots)
Stlth    ..........             (no amulet)
HPRegen  0.00/turn              (no ring)
MPRegen  0.08/turn              (no ring)

@: non-regenerating
A: damage resistance, heal wounds, sense surroundings 1, no regeneration
a: Heal Wounds


You were on level 3 of the Dungeon.
You were full.

You visited 1 branch of the dungeon, and saw 3 of its levels.

You collected 112 gold pieces.

Inventory:

Hand Weapons
 a - a +0 war axe (weapon)
Missiles
 n - 8 tomahawks (quivered)
Armour
 b - a +0 scale mail (worn)
 c - a +0 shield (worn)
Scrolls
 h - 3 scrolls of remove curse
Potions
 d - a potion of might
 e - a potion of lignification {unknown}
 g - a potion of invisibility {unknown}
 j - a potion of mutation {unknown}
 k - a potion of cancellation {unknown}
 l - a potion of flight
 m - a potion of magic {unknown}
Comestibles
 f - 5 rations


   Skills:
 - Level 2.6 Fighting
 + Level 4.5 Axes
 - Level 3.2 Armour
 - Level 3.2 Shields


You had 2 spell levels left.
You didn't know any spells.
Your spell library was empty.

Dungeon Overview and Level Annotations

Branches:
Dungeon (3/15)

Altars:
The Shining One

Annotations:
D:3 3 runed translucent doors, Sigmund; bananaglory's ghost, weakling MfSk


Innate Abilities, Weirdness & Mutations

You are resistant to damage.
You can heal yourself by infusing magical energy.
You passively map a small area around you.
You do not regenerate.


Message History

You are too injured to fight recklessly!
You are too injured to fight recklessly!
You are too injured to fight recklessly!
You are too injured to fight recklessly!
You are too injured to fight recklessly!
You are too injured to fight recklessly!
You are too injured to fight recklessly!
You are too injured to fight recklessly!
You are too injured to fight recklessly!
You are too injured to fight recklessly!
You are too injured to fight recklessly!
You are too injured to fight recklessly!
You miss something. Something hits you!
* * * LOW HITPOINT WARNING * * *
x2 You slash something!
Something hits you but does no damage.
You closely miss something.
You hear some strange, mumbled words.
A magic dart appears from out of thin air!
The magic dart hits you.
You die...

* * , * #.# ≈≈ ,
#.# * * * * #.# *
*, ≈ * , ... , ≈ *
* *#K# *#g# * #{#
, * #@# , # #.# *
#. * * #.
#.###.<.. ,*
#.##........ ,**
** ###,#.#.###.###
, ..###..# * *
#.#.#.# * *
#.##.#**,
#.###########.##.#


You could see a hobgoblin and a kobold.

Vanquished Creatures
  2 adders (D:3)
  A worm (D:2)
  A dart slug (D:2)
  2 leopard geckos
  A ball python (D:2)
  2 bats (D:2)
  2 giant cockroaches (D:3)
  5 goblins
  4 hobgoblins
  5 kobolds
  A frilled lizard (D:2)
  5 rats
31 creatures vanquished.

Vanquished Creatures (others)
  A fungus (D:3)
  A plant (D:3)
2 creatures vanquished.

Grand Total: 33 creatures vanquished

Notes
Turn   | Place    | Note
-------+----------+-------------------------------------------
     0 | D:1      | poirepourri the Deep Dwarf Fighter began the quest for the
                  | Orb.
     0 | D:1      | Reached XP level 1. HP: 20/20 MP: 1/1
   691 | D:2      | Reached skill level 3 in Axes
   694 | D:2      | Reached XP level 2. HP: 27/27 MP: 2/2
   724 | D:2      | Found a glowing golden altar of the Shining One.
  1192 | D:2      | Reached XP level 3. HP: 26/33 MP: 3/3
  1270 | D:3      | Reached skill level 4 in Axes
  1447 | D:3      | Found a runed translucent gate.
  1447 | D:3      | Found a runed translucent gate.
  1448 | D:3      | Noticed a big kobold
  1449 | D:3      | Found a runed translucent gate.
  1449 | D:3      | Noticed a big kobold
  1450 | D:3      | Noticed bananaglory's ghost (weakling MfSk)
  1466 | D:3      | Noticed Sigmund
  1480 | D:3      | Killed from afar by Sigmund

Skill      XL: |  1  2  3 |
---------------+----------+-----
Axes           | 3 4 |  4.5
Fighting       | |  2.6
Armour         | |  3.2
Shields        | |  3.2

Action                   || total
-------------------------++-------
Melee: War axe           ||   113
  Use: Scroll            ||     5
       Potion            ||     3
  Eat: Ration            ||     2
Armor: Scale mail        ||    43
Dodge: Dodged            ||    31
Block: Shield            ||    53
